 Dungeon Crawl Stone Soup version 0.23.0 (webtiles) character file.

Game seed: 977915664639791050

389 Murks the Ruffian (level 6, -1/57 HPs)
             Began as a Ghoul Chaos Knight on Feb 14, 2019.
             Was a Plaything of Xom.
             Slain by a bullfrog (8 damage)
             ... on level 4 of the Dungeon.
             The game lasted 00:16:55 (2460 turns).

Murks the Ruffian (Ghoul Chaos Knight)              Turns: 2460, Time: 00:16:56

Health: -1/57      AC:  6    Str: 18    XL:     6   Next: 79%
Magic:  5/5        EV: 16    Int:  7    God:    Xom [.*....]
Gold:   271        SH:  0    Dex: 13    Spells: 5/5 levels left

rFire    . . .     SeeInvis .     - Unarmed
rCold    + . .     Gourm    .   (no shield)
rNeg     + + +     Faith    .   a - +2 leather armour
rPois    ∞         Spirit   .   s - +0 helmet
rElec    .         Reflect  .   (no cloak)
rCorr    .         Harm     .   (no gloves)
MR       .....                  (no boots)
Stlth    ++........             (no amulet)
HPRegen  0.00/turn              (no ring)
MPRegen  0.09/turn              (no ring)

@: agile, rotting
A: rotting body, claws 1, carnivore, cold resistance 1, negative energy
resistance 3, inhibited regeneration, torment resistance, unbreathing
a: Renounce Religion


You were on level 4 of the Dungeon.
You worshipped Xom.
You were a plaything of Xom.
You were not hungry.

You visited 1 branch of the dungeon, and saw 4 of its levels.

You collected 271 gold pieces.

Inventory:

Hand Weapons
 e - a +0 hunting sling
Missiles
 f - 65 stones (quivered)
Armour
 a - a +2 leather armour (worn)
 s - a +0 helmet (worn)
 v - a +0 shield
Jewellery
 h - a +4 ring of strength {unknown}
 q - an uncursed amulet of guardian spirit {unknown}
Scrolls
 i - 5 scrolls of magic mapping
 m - a scroll of identify {unknown}
 n - 2 scrolls of teleportation
 o - a scroll of fog {unknown}
 r - a scroll of enchant armour {unknown}
 u - a scroll of enchant weapon {unknown}
Potions
 c - a potion of degeneration {unknown}
 d - a potion of brilliance {unknown}
 g - 6 potions of agility
 j - 2 potions of lignification {unknown}
 l - a potion of might {unknown}
 p - a potion of curing {unknown}
 t - a potion of haste {unknown}
Comestibles
 b - 3 rations


   Skills:
 + Level 5.7 Fighting
 - Level 1.7 Armour
 - Level 0.8 Dodging
 - Level 6.6 Unarmed Combat


You had 5 spell levels left.
You didn't know any spells.
Your spell library was empty.

Dungeon Overview and Level Annotations

Branches:
Dungeon (4/15)
 Temple: D:4-7

Altars:
Sif Muna


Innate Abilities, Weirdness & Mutations

Your body is rotting away.
You thrive on raw meat.
You are immune to poison.
You have sharp fingernails.
You are carnivorous and can eat meat at any time.
Your flesh is cold resistant. (rC+)
You are immune to negative energy. (rN+++)
You do not regenerate when monsters are visible.
You are immune to unholy pain and torment.
You can survive without breathing.


Message History

You feel agile all of a sudden.
Xom thinks this is hilarious!
The bullfrog closely misses you. The orc closely misses you.
You scratch the orc.
You kill the orc!
The bullfrog closely misses you. The bullfrog hits you.
* * * LOW HITPOINT WARNING * * *
You claw the bullfrog!
The bullfrog is heavily wounded.
The bullfrog hits you but does no damage.
You closely miss the bullfrog.
The bullfrog is heavily wounded. "Hum-dee-hum-dee-hum..."
The bullfrog flickers and vanishes!
Deactivating autopickup; reactivate with Ctrl-A.
Something hits you.
* * * LOW HITPOINT WARNING * * *
You scratch something but do no damage. Something hits you!
You die... "Huh?
Did I miss anything?" .oF

#.# ..
##.###### #.#
#.......# ..
##.).....#
#.##........#
#.#.)##.#####
###...#..$#
###....#){###
........)@##
.......####
%......
.>.....
.......
....... .


There were no monsters in sight!

Vanquished Creatures
  A bullfrog (D:3)
  A bullfrog skeleton (D:4)
  An orc priest (D:4)
  2 orc wizards (D:4)
  A worker ant (D:4)
  Robin (D:3)
  4 adders
  An adder skeleton (D:4)
  4 worms
  2 dart slugs (D:1)
  3 leopard geckos
  5 orcs
  14 bats
  3 giant cockroaches
  20 goblins
  10 hobgoblins
  3 jackals
  2 frilled lizards
  7 kobolds
  3 rats
88 creatures vanquished.

Vanquished Creatures (collateral kills)
  A quasit (D:4)
  A worker ant (D:4)
  2 jackals (D:4)
4 creatures vanquished.

Grand Total: 92 creatures vanquished

Notes
Turn   | Place    | Note
-------+----------+-------------------------------------------
     0 | D:1      | Murks the Ghoul Chaos Knight began the quest for the Orb.
     0 | D:1      | Reached XP level 1. HP: 19/19 MP: 0/0
   117 | D:1      | Reached XP level 2. HP: 26/26 MP: 1/1
   129 | D:1      | XOM: harmless Conj miscast
   162 | D:1      | Reached skill level 4 in Unarmed Combat
   407 | D:1      | Reached XP level 3. HP: 27/31 MP: 2/2
   827 | D:2      | Reached skill level 5 in Unarmed Combat
   980 | D:2      | XOM: confusion
   994 | D:2      | XOM: enchant monster (bad)
  1154 | D:2      | Reached XP level 4. HP: 37/38 MP: 3/3
  1235 | D:2      | XOM: 5-stop teleportation journey
  1492 | D:2      | XOM: harmless Necr miscast
  1511 | D:2      | XOM is BORED!
  1511 | D:2      | XOM: medium Conj miscast
  1697 | D:3      | Found a deep blue altar of Sif Muna.
  1697 | D:3      | XOM: 9-stop teleportation journey
  1698 | D:3      | Noticed a bullfrog
  1706 | D:3      | XOM: mild Ice miscast
  1707 | D:3      | Killed a bullfrog
  1707 | D:3      | Reached skill level 6 in Unarmed Combat
  1707 | D:3      | Reached XP level 5. HP: 31/45 MP: 4/4
  1860 | D:3      | XOM: summons 1 hostile demon
  1890 | D:3      | Noticed Robin
  1904 | D:3      | Killed Robin
  2346 | D:4      | XOM: cast spell 'Monstrous Menagerie'
  2348 | D:4      | Reached XP level 6. HP: 30/52 MP: 5/5
  2399 | D:4      | XOM: 1-stop teleportation journey
  2409 | D:4      | XOM: noise
  2411 | D:4      | XOM: confuse monster(s)
  2423 | D:4      | Reached skill level 5 in Fighting
  2459 | D:4      | XOM: enchant monster (bad)
  2460 | D:4      | Slain by a bullfrog

Skill      XL: |  1  2  3  4  5  6 |
---------------+-------------------+-----
Unarmed Combat | 4 5 6 |  6.6
Fighting       | 4 5 |  5.7
Armour         | |  1.7
Dodging        | |  0.8

Action                   |  1- 3 |  4- 6 || total
-------------------------+-------+-------++-------
Melee: Unarmed           |    55 |   138 ||   193
       Punch             |       |     8 ||     8
 Fire: Hunting sling     |    89 |    36 ||   125
  Use: Scroll            |       |     2 ||     2
       Potion            |       |     1 ||     1
 Stab: Confused          |       |     1 ||     1
  Eat: Chunk             |    25 |    29 ||    54
Armor: Leather armour    |    44 |    77 ||   121
Dodge: Dodged            |    65 |   108 ||   173
